 Dungeon Crawl Stone Soup version 0.31.0-32-g396128a36d (webtiles) character file.

Game seed: 9222466167316407712

114 BigDaddyOpFi the Trooper (level 4, 0/32 HPs)
             Began as an Octopode Fighter on Apr 16, 2024.
             Slain by a goblin
             ... wielding a +0 club
             ... led by Robin
              (7 damage)
             ... on level 3 of the Dungeon.
             The game lasted 00:02:42 (2844 turns).

BigDaddyOpFi the Trooper (Octopode Fighter)         Turns: 2844, Time: 00:02:43

Health: 0/32       AC:  1    Str: 15    XL:     4   Next: 97%
Magic:  5/5        EV: 13    Int: 10    God:
Gold:   84         SH: 11    Dex: 13    Spells: 4/4 levels left

rFire   . .          .
                       - Unarmed
rCold   . . .        a - +1 buckler
rNeg    + . .        (helmet restricted)
rPois   .            c - amulet of reflection
rElec   .            f - ring of see invisible
rCorr   .            o - ring of positive energy
SInv    +            (no ring)
Will    .....        (no ring)
Stlth   ++           (no ring)
HPRegen 0.25/turn    (no ring)
MPRegen 0.09/turn    (no ring)
                     (no ring)

%: reflection
@: mighty
A: almost no armour, amphibious, 8 rings, camouflage 1, gelatinous body 1,
(nimble swimmer 1), tentacles
a: no special abilities


You were on level 3 of the Dungeon.
You visited 1 branch of the dungeon, and saw 3 of its levels.

You collected 84 gold pieces.

Inventory:

Missiles
 l - 3 atropa-tipped darts
 m - 4 javelins (quivered)
Armour
 a - a +1 buckler (worn)
Jewellery
 c - an amulet of reflection (around mantle)
 f - a ring of see invisible (left tentacle)
 o - a ring of positive energy (right tentacle)
Scrolls
 d - a scroll of vulnerability
 i - a scroll of fear
 j - a scroll of teleportation
Potions
 e - a potion of ambrosia
 g - a potion of mutation {unknown}
 h - a potion of heal wounds {unknown}
 k - a potion of brilliance {unknown}
 n - a potion of cancellation {unknown}


   Skills:
 + Level 3.6 Fighting
 + Level 3.5 Dodging
 + Level 3.5 Shields
 + Level 2.7 Unarmed Combat
 + Level 0.8 Spellcasting
 * Level 1.3 Translocations


You had 4 spell levels left.
You didn't know any spells.
Your spell library contained the following spells:

 Spells                   Type           Power      Damage    Failure   Level
 Manifold Assault         Tloc           3%         N/A       95%         4
 Summon Lightning Spire   Summ/Air       0%         N/A       99%         4
 Lee's Rapid Deconstruct  Erth           0%         3d4*      100%        5
 Dispersal                Tloc           1%         N/A       100%        6
 Disjunction              Tloc           1%         N/A       100%        8
 Animate Armour           Summ/Erth      Unusable   N/A       N/A         4

Dungeon Overview and Level Annotations

Branches:
Dungeon (3/15)

Altars:
Kikubaaqudgha

Shops:
D:3 :!([[

Annotations:
D:3 Robin


Innate Abilities, Weirdness & Mutations

You cannot wear most types of armour.
You are amphibious.
You can wear up to eight rings at the same time.
Your skin changes colour to match your surroundings (Stealth+).
Your rubbery body absorbs attacks. (AC +1, EV +1)
((You are camouflaged when in or above water. (Stealth+)))
You have tentacles for arms and can constrict up to eight enemies at once.


Message History

Robin roars a battlecry!
The goblins go into a battle-frenzy!
The goblin shouts!
There are monsters nearby!
A hobgoblin comes into view.
The hobgoblin shouts!
Robin throws the goblin at you! You block the goblin's attack.
The goblin hits you but does no damage.
You tentacle-slap the goblin.
You kill the goblin!
Robin throws the goblin at you! You block the goblin's attack.
A goblin comes into view. It is wielding a +0 club.
A goblin comes into view. It is wielding a +0 dagger.
The goblin barely misses you.
The goblin shouts! x2
You tentacle-slap the goblin. You grab the goblin.
The goblin is severely wounded.
You constrict the goblin.
You kill the goblin!
Robin throws the goblin at you! You block the goblin's attack. x2
A goblin comes into view. It is wielding a +0 club.
The goblin closely misses you.
The goblin shouts!
You tentacle-slap the goblin.
You kill the goblin!
Robin throws the goblin at you! You block the goblin's attack. x2
The goblin hits you with a +0 club.
You miss the goblin. Your grab misses the goblin.
You block the goblin's attack. The goblin completely misses you.
You block the goblin's attack.
You barely miss the goblin. You grab the goblin. You constrict the goblin.
The goblin hits you with a +0 club! The goblin barely misses you.
The goblin hits you with a +0 club.
You feel very mighty all of a sudden.
You constrict the goblin.
You kill the goblin!
The goblin hits you with a +0 club!
* * * LOW HITPOINT WARNING * * *
The goblin hits you with a +0 club!
You die...

##### ....# ##### ♣♣##
♣♣♣♣♣♣g.## #########
♣gggg@)..# #....[... ###
♣..g♣♣♣♣♣†.#####.#######
###.# . ♣♣..........#
....# #######.##.# #####
#.##.# #.##.# #######
##########.##.# #.....#
#.....)....##.#
#####.###.#
#############.#


You could see Robin, a hobgoblin (strong) and 4 goblins.

Vanquished Creatures
  Jessica (D:3)
  4 adders
  2 ribbon worms (D:2)
  A dart slug (D:2)
  4 bats
  2 endoplasms
  4 giant cockroaches
  9 goblins
  2 hobgoblins
  6 jackals (D:3)
  A frilled lizard (D:3)
  2 kobolds (D:2)
  7 rats
45 creatures vanquished.

Notes
Turn   | Place    | Note
-------+----------+-------------------------------------------
     0 | D:1      | BigDaddyOpFi the Octopode Fighter began the quest for the
                  | Orb.
     0 | D:1      | Reached XP level 1. HP: 16/16 MP: 1/1
   877 | D:2      | Reached XP level 2. HP: 21/21 MP: 2/2
   887 | D:2      | Found an ancient bone altar of Kikubaaqudgha.
   897 | D:2      | Reached XP level 3. HP: 26/26 MP: 3/3
  2144 | D:3      | Noticed Jessica
  2153 | D:3      | Killed Jessica
  2154 | D:3      | Reached skill level 1 in Translocations
  2154 | D:3      | Reached XP level 4. HP: 28/31 MP: 3/5
  2310 | D:3      | Found Piaty's Armour Emporium.
  2310 | D:3      | Noticed an animated crystal plate armour
  2313 | D:3      | Noticed an animated storm dragon scales
  2341 | D:3      | Found Ipeylun's Antique Armour Shoppe.
  2429 | D:3      | Found an ancient bone altar of Kikubaaqudgha.
  2462 | D:3      | Found Icuen's Distillery.
  2488 | D:3      | Found Dyj Emyn's Book Boutique.
  2632 | D:3      | Found Qiurph's Antique Weapon Emporium.
  2836 | D:3      | Noticed Robin
  2844 | D:3      | Slain by a goblin

Illustrated notes

Levels and vault maps discovered:
D:1:      lemuel_arrival_muddy, layout_loops_corners,
          hangedman_decor_peaks_small
D:2:      layout_basic, basic_altar, minivault_5, nicolae_figureground_pulse
D:3:      layout_loops_ring, mainiacjoe_overflow_tiny_flanked, fedhas_altar_4,
          serial_shops, shop, nicolae_shop_mannequins, shop,
          nicolae_shop_real_fake_doors, shop, uniq_robin, uniq_jessica

Skill      XL: |  1  2  3 |
---------------+----------+-----
Translocations | 1 |  1.3
Fighting       | |  3.6
Dodging        | |  3.5
Shields        | |  3.5
Unarmed Combat | |  2.7
Spellcasting   | |  0.8

Action                     |  1- 3 |  4- 6 || total
---------------------------+-------+-------++-------
  Melee: Unarmed           |    62 |    36 ||    98
         Tentacles         |    16 |     7 ||    23
         Constrict         |    16 |    14 ||    30
         Punch             |     1 |     2 ||     3
    Use: Scroll            |     5 |     1 ||     6
         Potion            |       |     1 ||     1
   Stab: Sleeping          |     5 |       ||     5
 Armour: Skin              |    11 |    19 ||    30
  Dodge: Dodged            |    19 |    17 ||    36
  Block: Buckler           |    26 |    20 ||    46
         Reflection        |     2 |       ||     2
